cohdb
Replays
Latest Replays
All Replays
Popular Replays
Top Player Replays
Match Explorer
How It Works
Community
CoH3 Stats
Reddit
Sign in to upload your games and track your stats! →
Sign in with Steam
Match 42554716
Unlisted
Match 42554716
Overview
Messages
Build Orders
End
Panzergrenadier Squad
Panzergrenadier Squad
Panzergrenadier Squad
Panzergrenadier Squad
Panzergrenadier Squad
Construct Light Support Kompanie
Fire Support Elements
Panzerjäger Mechanized Group
Selects Panzerjäger Kommand Battlegroup
Selects Tank Busters
Panzergrenadier Squad
2.5-tonne Medical Truck
Selects Crew Shock Tactics
Panzerjäger Squad
Selects Anti-tank Overwatch
Forward Retreat Point
MuniekPL
Papa Shango
Husar
Lance and I are no longer lovers
Recordedllama
Run Wild
0
0
Comments
sign in to comment!
No comments posted yet!